 Dungeon Crawl Stone Soup version 0.26-a0-663-g36e8fdb655 (webtiles) character file.

Game seed: 12343634824524533407

50626 jasper the Earth Mage (level 14, -6/120 HPs)
             Began as a Formicid Earth Elementalist on Oct 10, 2020.
             Was a High Priest of Vehumet.
             Mangled by Rupert
             ... wielding a +4 great mace of protection
              (29 damage)
             ... on level 2 of the Orcish Mines on Oct 11, 2020.
             The game lasted 00:48:07 (25651 turns).

jasper the Earth Mage (FoEE)                       Turns: 25651, Time: 00:48:08

Health: -6/120     AC: 10    Str: 16    XL:     14   Next: 98%
Magic:  4/25       EV: 16    Int: 21    God:    Vehumet [*****.]
Gold:   1480       SH:  5    Dex: 17    Spells: 2/27 levels left

rFire    + . .     SeeInvis +   X - +5 broad axe of Utwekk {freeze, Dex+4}
rCold    + . .     Faith    .   (no shield)
rNeg     . . .     Spirit   .   y - +0 swamp dragon scales
rPois    +         Reflect  +   (helmet unavailable)
rElec    .         Harm     .   c - +0 cloak {rF+}
rCorr    .         Rampage  .   (no gloves)
MR       +....                  (no boots)
Stlth    ++........             G - amulet of reflection
HPRegen  0.30/turn              a - ring "Caongi" {+Fly rC+ Str+4 Dex+2}
MPRegen  0.19/turn              u - ring of wizardry

@: very slightly contaminated, invisible
A: permanent stasis, dig shafts and tunnels, four strong arms, antennae 3
a: Dig, Shaft Self, Renounce Religion, Evoke Flight


You were on level 2 of the Orcish Mines.
You worshipped Vehumet.
Vehumet was extremely pleased with you.
You visited 4 branches of the dungeon, and saw 22 of its levels.
You also visited: Volcano.

You collected 1870 gold pieces.
You spent 390 gold pieces at shops.

Inventory:

Hand Weapons
 X - the +5 broad axe of Utwekk (weapon) {freeze, Dex+4}
   (You took it off a kobold on level 11 of the Dungeon)

   It has been specially enchanted to freeze those struck by it, causing extra
   injury to most foes and up to half again as much damage against particularly
   susceptible opponents.
   It can also slow down cold-blooded creatures.
   It affects your dexterity (+4).
Missiles
 h - 86 sling bullets
 j - 319 arrows
 n - 28 poisoned darts (quivered)
 s - 3 silver javelins
Armour
 c - a +0 cloak of fire resistance (worn)
 y - +0 swamp dragon scales (worn)
 P - the +1 ring mail of the Abyss {MR+ rCorr Int+2}
   (You found it on level 6 of the Dungeon)

   It affects your intelligence (+2).
   It affects your resistance to hostile enchantments.
   It provides partial protection from all sources of acid and corrosion.
Jewellery
 a - the ring "Caongi" (left hand) {+Fly rC+ Str+4 Dex+2}
   (You found it on level 5 of the Lair of Beasts)

   [ring of flight]

   It affects your strength (+4).
   It affects your dexterity (+2).
   It protects you from cold.
   It lets you fly.
 u - a ring of wizardry (right hand)
 w - an uncursed ring of flight
 G - an amulet of reflection (around neck)
 R - an uncursed amulet of regeneration
 S - an uncursed ring of protection from cold
 Z - an uncursed ring of protection from fire
Wands
 D - a wand of acid (1)
 H - a wand of paralysis (7)
 K - a wand of digging (3)
 N - a wand of flame (28)
 V - a wand of polymorph (6)
Scrolls
 d - 4 scrolls of identify
 e - 2 scrolls of fog
 g - 4 scrolls of magic mapping
 l - 4 scrolls of enchant weapon
 p - 6 scrolls of amnesia
 r - 9 scrolls of remove curse
 t - 4 scrolls of blinking
 x - a scroll of fear
 B - a scroll of noise {unknown}
 J - 2 scrolls of immolation {unknown}
 O - a scroll of silence {unknown}
 Q - a scroll of acquirement {unknown}
 U - a scroll of enchant armour {unknown}
 W - a scroll of brand weapon {unknown}
Potions
 k - 2 potions of magic
 m - 11 potions of degeneration
 q - 4 potions of might
 v - 2 potions of cancellation
 A - 2 potions of brilliance
 E - a potion of stabbing {unknown}
 F - 4 potions of curing
 I - 3 potions of resistance {unknown}
 L - 5 potions of flight {unknown}
 M - a potion of ambrosia {unknown}
 Y - 2 potions of lignification {unknown}
Miscellaneous
 T - a tin of tremorstones (inert)


   Skills:
 + Level 14.2 Fighting
 - Level 7.0 Armour
 + Level 8.3 Dodging
 - Level 2.4 Stealth
 + Level 7.4 Spellcasting
 - Level 9.0 Conjurations
 - Level 1.1 Transmutations
 - Level 16.1 Earth Magic


You had 2 spell levels left.
You knew the following spells:

 Your Spells              Type           Power        Failure   Level
a - Sandblast             Erth           ######       0%          1
b - Stone Arrow           Conj/Erth      ######       1%          3
c - Passwall              Tmut/Erth      #####...     1%          2
d - Petrify               Tmut/Erth      #####...     1%          4
e - Mephitic Cloud        Conj/Pois/Air  ###.....     1%          3
f - Lee's Rapid Deconstr  Erth           ######....   1%          5
g - Spellforged Servitor  Conj/Summ      ####......   82%         7

Your spell library contained the following spells:

 Spells                   Type           Power        Failure   Level
 Conjure Ball Lightning   Conj/Air       ####......   32%         6
 Shock                    Conj/Air       ####         1%          1
 Corona                   Hex            #......      6%          1
 Ensorcelled Hibernation  Hex/Ice        #.....       9%          2
 Dazzling Flash           Conj/Hex       ####..       1%          3
 Static Discharge         Conj/Air       ####....     1%          3
 Lightning Bolt           Conj/Air       ####......   8%          5
 Airstrike                Air            #.........   16%         4
 Confusing Touch          Hex            #.......     17%         3
 Tukima's Dance           Hex            #.......     17%         3
 Swiftness                Air            Unusable     N/A         2

Dungeon Overview and Level Annotations

Branches:
Dungeon (13/15)            Temple (1/1) D:4            Lair (6/6) D:10
  Swamp (0/4) Lair:3       Spider (0/4) Lair:3        Slime (0/5) Lair:5
    Orc (2/2) D:9         Volcano (visited)
    Elf: Orc:2       Vaults: D:13-14

Altars:
Cheibriados
Dithmenos
Elyvilon
Fedhas
Gozag
Hepliaklqana
Kikubaaqudgha
Nemelex Xobeh
Okawaru
Qazlal
Sif Muna
Trog
Uskayaw
Vehumet
Wu Jian
Yredelemnul
The Shining One
Jiyva

Shops:
D:6 =   D:9 :

Annotations:
D:2 1 runed translucent door, Crazy Yiuf
D:7 5 transporters
Lair:5 1 runed translucent door
Orc:2 Rupert


Innate Abilities, Weirdness & Mutations

You cannot be hasted, slowed, berserked, paralysed or teleported.
You can dig through walls and to a lower floor.
Your four strong arms can wield two-handed weapons with a shield.
You have a pair of large antennae on your head. (SInv)


Message History

You fade into invisibility!
Rupert hits you with a +4 great mace of protection!
* * * LOW HITPOINT WARNING * * *
You are very lightly contaminated with residual magic.
You take 13 damage, and have 23/120 hp.
Unknown command.
Unknown command.
Unknown command.
Casting: Mephitic Cloud (safe; 1% risk of failure)
Confirm with . or Enter, or press ? or * to list all spells.
Aiming: Mephitic Cloud (safe; 1% risk of failure)
Press: ? - help, Shift-Dir - straight line, f/p - Rupert
Aim: Rupert, wielding a +4 great mace of protection and wearing a +0 ring mail (lightly wounded, berserk)
The ball explodes into a vile cloud!
The stinking cloud engulfs Rupert but does no damage.
Rupert is lightly wounded.
The stinking cloud engulfs you but does no damage.
Rupert is engulfed in noxious fumes.
Rupert hits you with a +4 great mace of protection!!
You die...

##....[[)...####.......
#.....#.......##.......
##.##.#...............#
######.#...........#
####.........##
#.).....#.##
##.)..○.§##.##
#.[...§@##...#
####......@§#..# ##
##.#............##.##
#.#.................#
######...[..............
##.###....[..##[........#
#...#......#####.........
##.........# #..........#
###.......####.........#
##........#......#....


You could see Rupert (berserk).

Vanquished Creatures
  Gastronok (Lair:1)
  An orc warlord (Orc:2)
  An ettin (Orc:2)
  7 hydras
  4 two-headed ogres
  An orc high priest (Orc:2)
  Sonja (Lair:4)
  A skeletal warrior (D:12)
  An unseen horror (D:10)
  3 orc knights
  An orc sorcerer (Orc:2)
  2 cyclopes
  4 black mambas
  5 elephants (Lair:5)
  A manticore (D:10)
  3 gargoyles (Volcano)
  A molten gargoyle (Volcano)
  11 cane toads
  Maggie (Lair:1)
  5 rime drakes (Lair:4)
  A kobold demonologist (D:13)
  8 komodo dragons
  A polar bear (Lair:5)
  A slime creature (D:13)
  8 trolls
  A hornet (D:12)
  7 blink frogs
  5 dream sheep (Lair:5)
  Sigmund (D:5)
  2 redbacks (Lair:3)
  2 wyverns
  31 yaks
  2 basilisks
  Grum (Lair:1)
  6 wargs
  An acid dragon (D:11)
  19 water moccasins
  17 orc warriors
  4 ice beasts
  3 black bears
  8 sky beasts
  3 phantoms
  10 wolves (Lair:1)
  8 centaurs
  12 ogres
  3 big kobolds
  13 bullfrogs
  A gnoll sergeant (D:7)
  Blork the orc (Orc:2)
  2 wyvern zombies
  5 scorpions
  12 killer bees
  10 wights
  9 howler monkeys
  An electric eel (D:8)
  3 bullfrog zombies
  7 hounds
  A quasit (D:13)
  22 orc wizards
  3 bullfrog skeletons
  9 orc priests
  5 jellies
  A centaur skeleton (D:5)
  7 iguanas
  Natasha (thrice) (D:4)
  10 worker ants
  A worker ant zombie (D:11)
  15 gnolls
  11 adders
  A river rat (D:10)
  3 shadow imps
  2 white imps
  An ufetubus (D:10)
  2 oozes
  An adder skeleton (D:6)
  4 dart slugs
  3 leopard geckos
  71 orcs
  2 giant cockroaches
  7 goblins
  5 hobgoblins
  7 jackals
  19 kobolds
  7 quokkas
  A ball python (D:4)
  10 bats
  4 frilled lizards
  8 rats
530 creatures vanquished.

Vanquished Creatures (others)
  18 fungi
  18 plants
36 creatures vanquished.

Grand Total: 566 creatures vanquished

Notes
Turn   | Place    | Note
-------+----------+-------------------------------------------
     0 | D:1      | jasper the Formicid Earth Elementalist began the quest for
                  | the Orb.
     0 | D:1      | Reached XP level 1. HP: 13/13 MP: 3/3
   121 | D:1      | Reached skill level 4 in Earth Magic
   239 | D:1      | Reached XP level 2. HP: 19/19 MP: 1/5
   781 | D:1      | Reached XP level 3. HP: 24/24 MP: 6/6
  1125 | D:2      | Reached skill level 5 in Earth Magic
  1196 | D:2      | Found a bloodstained altar of Trog.
  1301 | D:2      | Reached XP level 4. HP: 30/30 MP: 4/7
  1550 | D:2      | Found a runed translucent door.
  1551 | D:2      | Noticed Crazy Yiuf
  1588 | D:2      | Reached skill level 6 in Earth Magic
  1637 | D:2      | Learned a level 3 spell: Stone Arrow
  2032 | D:3      | Reached XP level 5. HP: 35/35 MP: 2/8
  2491 | D:3      | Found a sparkling altar of Nemelex Xobeh.
  2667 | D:3      | Reached skill level 7 in Earth Magic
  2882 | D:4      | Found a staircase to the Ecumenical Temple.
  2898 | Temple   | Entered the Ecumenical Temple
  2948 | Temple   | Became a worshipper of Vehumet
  2985 | D:4      | Reached XP level 6. HP: 41/41 MP: 9/9
  3004 | D:4      | Learned a level 2 spell: Passwall
  3032 | D:4      | Noticed a phantom
  3047 | D:4      | Reached skill level 8 in Earth Magic
  3062 | D:4      | Killed a phantom
  3093 | Temple   | HP: 2/41 [poisoned by a worker ant]
  3101 | Temple   | HP: 1/41 [poisoned by a worker ant]
  3418 | D:4      | Noticed Natasha
  3422 | D:4      | Killed Natasha
  3422 | D:4      | Reached XP level 7. HP: 43/46 MP: 10/10
  3455 | D:3      | Reached skill level 9 in Earth Magic
  3512 | D:3      | Learned a level 4 spell: Petrify
  3636 | D:4      | Noticed Natasha
  3644 | D:4      | Killed Natasha
  3806 | D:4      | Noticed Natasha
  4043 | D:4      | Got a polished ring mail
  4220 | D:4      | Killed Natasha
  4368 | D:5      | Entered Level 5 of the Dungeon
  4426 | D:5      | Noticed Sigmund
  4428 | D:5      | Reached skill level 10 in Earth Magic
  4454 | D:5      | Killed Sigmund
  4454 | D:5      | Reached XP level 8. HP: 17/52 MP: 6/11
  4668 | D:5      | Found a shadowy altar of Dithmenos.
  4671 | D:5      | Reached skill level 11 in Earth Magic
  4899 | D:5      | Reached * piety under Vehumet
  4899 | D:5      | Offered knowledge of Magic Dart by Vehumet.
  5212 | D:5      | Reached skill level 12 in Earth Magic
  5839 | D:5      | Reached XP level 9. HP: 24/57 MP: 10/12
  6067 | D:6      | Reached skill level 13 in Earth Magic
  6155 | D:6      | Found a shimmering blue altar of Sif Muna.
  6355 | D:6      | Reached skill level 1 in Fighting
  6417 | D:6      | Reached skill level 1 in Conjurations
  6586 | D:6      | Reached ** piety under Vehumet
  6586 | D:6      | Offered knowledge of Freeze by Vehumet.
  6975 | D:6      | Got a smoking ring mail
  7111 | D:6      | Found a blossoming altar of Fedhas.
  7243 | D:6      | Found Dipnasuj's Jewellery Boutique.
  7247 | D:6      | Bought an uncursed amulet of regeneration for 390 gold
                  | pieces
  7403 | D:6      | Identified the +3 ring mail "Ymi Suk" {+Blink} (You found
                  | it on level 4 of the Dungeon)
  7413 | D:6      | Identified the +1 ring mail of the Abyss {MR+ rCorr Int+2}
                  | (You found it on level 6 of the Dungeon)
  7586 | D:7      | Found a transporter.
  7588 | D:7      | Found a transporter.
  7688 | D:7      | Found a transporter.
  7710 | D:7      | Reached skill level 1 in Armour
  7850 | D:7      | Reached XP level 10. HP: 73/73 MP: 13/13
  8039 | D:7      | Reached skill level 5 in Fighting
  8073 | D:7      | Offered knowledge of Ignite Poison by Vehumet.
  8267 | D:7      | Found a transporter.
  8268 | D:7      | Noticed an unseen horror
  8294 | D:7      | Found a transporter.
  8703 | D:8      | Reached *** piety under Vehumet
  8973 | D:8      | Found a white marble altar of Elyvilon.
  9002 | D:8      | Offered knowledge of Mephitic Cloud by Vehumet.
  9031 | D:8      | Learned a level 3 spell: Mephitic Cloud
  9130 | D:8      | Noticed a gargoyle
  9366 | D:9      | Found Tuthraez's Book Shoppe.
  9473 | D:9      | Reached XP level 11. HP: 53/86 MP: 0/14
  9657 | D:9      | Found a staircase to the Orcish Mines.
  9748 | D:9      | Reached **** piety under Vehumet
 10290 | D:10     | Entered Level 10 of the Dungeon
 10314 | D:10     | You fall into a shaft and drop 3 floors!
 10341 | D:13     | Reached skill level 5 in Armour
 10445 | D:13     | Noticed a cyclops
 10458 | D:13     | Reached skill level 5 in Conjurations
 10466 | D:13     | Killed a cyclops
 10702 | D:13     | Offered knowledge of Fireball by Vehumet.
 10744 | D:13     | Noticed a two-headed ogre
 10750 | D:13     | Killed a two-headed ogre
 10787 | D:13     | Noticed a two-headed ogre
 10792 | D:13     | Killed a two-headed ogre
 10889 | D:12     | Reached skill level 10 in Fighting
 10932 | D:12     | Noticed a skeletal warrior
 10958 | D:12     | Killed a skeletal warrior
 11116 | D:12     | Noticed a six-headed hydra
 11132 | D:12     | Killed a six-headed hydra
 11287 | D:11     | Noticed a cyclops
 11391 | D:12     | Learned a level 5 spell: Lee's Rapid Deconstruction
 11403 | D:11     | Killed a cyclops
 11545 | D:11     | Identified the +5 broad axe of Utwekk {freeze, Dex+4}
 11573 | D:11     | Reached ***** piety under Vehumet
 11577 | D:11     | Reached XP level 12. HP: 48/99 MP: 2/18
 11956 | D:10     | Noticed a death yak
 11986 | D:10     | You fall into a shaft and drop 2 floors!
 13028 | D:11     | Offered knowledge of Olgreb's Toxic Radiance by Vehumet.
 13410 | D:10     | Reached skill level 5 in Spellcasting
 13447 | D:10     | Noticed a two-headed ogre
 13452 | D:10     | Killed a two-headed ogre
 13546 | D:10     | Found a staircase to the Lair.
 14048 | D:10     | Noticed an unseen horror
 14059 | D:10     | Killed an unseen horror
 14220 | D:10     | Noticed a death yak
 14220 | D:10     | Noticed a death yak
 14400 | Lair:1   | Entered Level 1 of the Lair of Beasts
 14461 | Lair:1   | Noticed Grum
 14467 | Lair:1   | Killed Grum
 14470 | Lair:1   | Noticed Maggie
 14477 | Lair:1   | Killed Maggie
 14604 | Lair:1   | Noticed Gastronok
 14626 | Lair:1   | Killed Gastronok
 14626 | Lair:1   | Reached skill level 5 in Dodging
 15067 | Lair:1   | Reached XP level 13. HP: 85/109 MP: 18/22
 15794 | Lair:2   | Noticed a boulder beetle
 16186 | Lair:3   | Found a dark tunnel.
 16189 | Volcano  | Entered a volcano
 16246 | Volcano  | Reached skill level 14 in Earth Magic
 16775 | Lair:3   | Noticed a four-headed hydra
 16780 | Lair:3   | Killed a four-headed hydra
 16799 | Lair:3   | Found a hole to the Spider Nest.
 16941 | Lair:3   | Noticed a six-headed hydra
 16949 | Lair:3   | Killed a six-headed hydra
 16996 | Lair:3   | Offered knowledge of Spellforged Servitor by Vehumet.
 17006 | Lair:3   | Learned a level 7 spell: Spellforged Servitor
 17079 | Lair:3   | Found a staircase to the Swamp.
 17649 | Lair:3   | Noticed an eight-headed hydra
 17654 | Lair:3   | Killed an eight-headed hydra
 18141 | Lair:4   | Noticed Sonja
 18590 | Lair:4   | Noticed a six-headed hydra
 18598 | Lair:4   | Killed a six-headed hydra
 18684 | Lair:4   | Killed Sonja
 18684 | Lair:4   | Reached skill level 15 in Earth Magic
 18684 | Lair:4   | Reached XP level 14. HP: 119/119 MP: 8/24
 19959 | Lair:5   | Found a runed translucent door.
 20239 | Lair:5   | Got a scintillating silver ring
 20241 | Lair:5   | Identified the ring "Caongi" {+Fly rC+ Str+4 Dex+2} (You
                  | found it on level 5 of the Lair of Beasts)
 20818 | Lair:5   | Found a viscous altar of Jiyva.
 21240 | Lair:5   | Found a staircase to the Slime Pits.
 21305 | Lair:6   | Entered Level 6 of the Lair of Beasts
 21533 | Lair:2   | HP: 5/120 [boulder beetle (48)]
 21817 | Lair:2   | Reached skill level 16 in Earth Magic
 21979 | Orc:1    | Entered Level 1 of the Orcish Mines
 22487 | Orc:2    | Entered Level 2 of the Orcish Mines
 23912 | Orc:2    | Noticed an orc warlord
 23956 | Orc:2    | Killed an orc warlord
 24182 | Orc:2    | Noticed Blork the orc
 24193 | Orc:2    | Killed Blork the orc
 24574 | Orc:1    | Offered knowledge of Conjure Ball Lightning by Vehumet.
 25488 | Orc:2    | Noticed Rupert
 25651 | Orc:2    | Mangled by Rupert

Illustrated notes

Levels and vault maps discovered:
D:1:      lemuel_arrival_river_passageway, layout_basic
D:2:      layout_rooms, bloody_trog, grunt_decor_cap, uniq_crazy_yiuf_cottage
D:3:      layout_rooms, nemelex_spade_bored_becter
D:4:      layout_basic, minmay_temple_entry_ruins, uniq_natasha
D:5:      layout_loops_cross, kennysheep_mini, uniq_sigmund
D:6:      layout_loops_ring, lemuel_round_altar, serial_shops,
          nicolae_shop_crystal, minivault_10, hangedman_abyss_or_decor_stabs,
          fedhas_altar_fruit_tree
D:7:      gammafunk_the_bubble [the_bubble_gammafunk_roulette], layout_basic
D:8:      minmay_bloctagon_deflated, layout_rooms, elyvilon_altar_5,
          amethyst_overflow_temple_binary, dk_noncrumbling_2,
          chequers_serial_rivers_small_3, hex_intersection, lightli_minifort
D:9:      layout_loops_corners, hiddenorc1_lemuel, serial_shops, shop
D:10:     layout_irregular_city, dpeg_lair_monsters
D:11:     layout_cave_pools, enter_bailey_7, bh_walls_and_bars
D:12:     layout_long_grid, serial_shops, shop, uniq_fannar
D:13:     layout_grid_maze, grunt_vaults_entry_tiered, basic_altar,
          serial_shops, bzr_entry_road
Temple:   kb_temple_of_zot
Lair:1:   layout_concentric_octagons, grunt_megastairs_2, uniq_grum,
          uniq_gastronok, uniq_maggie
Lair:2:   layout_hall_layers
Lair:3:   layout_cave_pods, minmay_swamp_entry_reptiles, spider_nest_entry_webs,
          enter_volcano_1, lemuel_fruit_tree
Lair:4:   layout_cave_pods, minmay_lair_drake_nest, lemuel_fruit_fields,
          uniq_sonja
Lair:5:   layout_regular_city, slime_altar_2
Lair:6:   minmay_lair_end_frog_pond, layout_hall_layers,
          minmay_shattered_shrine, lemuel_fruit_fields
Orc:1:    layout_caves
Orc:2:    grunt_orc_cross, layout_diamond_mine, uniq_rupert

Skill      XL: |  1  2  3  4  5  6  7  8  9 10 11 12 13 14 |
---------------+-------------------------------------------+-----
Earth Magic    | 4 5 6 7 8 10 12 13 15 16 | 16.1
Fighting       | 4 8 10 12 13 14 | 14.2
Dodging        | 3 5 7 8 |  8.3
Conjurations   | 2 4 5 6 9 |  9.0
Armour         | 1 4 7 |  7.0
Spellcasting   | 4 6 7 |  7.4
Stealth        | |  2.4
Transmutations | |  1.1

Action                   |  1- 3 |  4- 6 |  7- 9 | 10-12 | 13-15 || total
-------------------------+-------+-------+-------+-------+-------++-------
Melee: Unarmed           |     2 |       |       |       |       ||     2
       Short sword       |     9 |    70 |    77 |       |       ||   156
       Great sword       |       |       |    17 |       |       ||    17
       Quarterstaff      |       |       |     7 |    94 |       ||   101
       Broad axe         |       |       |       |    57 |   161 ||   218
Throw: Stone             |     2 |     2 |     3 |     2 |     1 ||    10
       Dart              |       |       |       |       |     9 ||     9
 Cast: Sandblast         |    34 |    41 |    96 |   246 |   322 ||   739
       Stone Arrow       |       |       |    22 |    69 |   102 ||   193
       Petrify           |       |       |       |     7 |    12 ||    19
       Lee's Rapid Decon |       |       |       |    14 |    38 ||    52
       Mephitic Cloud    |       |       |       |     1 |     8 ||     9
 Abil: Dig               |       |       |       |     1 |     3 ||     4
       Shaft Self        |       |       |       |     1 |       ||     1
Evoke: Tin of tremorston |       |       |       |     4 |     3 ||     7
       Wand              |       |       |       |     6 |    12 ||    18
  Use: Potion            |       |     1 |       |     5 |     4 ||    10
       Scroll            |       |       |       |    15 |     2 ||    17
 Stab: Sleeping          |     1 |     4 |     3 |       |       ||     8
       Distracted        |       |       |       |     1 |       ||     1
       Invisible         |       |       |       |     1 |       ||     1
       Petrified         |       |       |       |       |     6 ||     6
Armor: Robe              |     4 |    20 |    13 |       |       ||    37
       Ring mail         |       |       |     3 |    94 |       ||    97
       Swamp dragon scal |       |       |       |    14 |   119 ||   133
Dodge: Dodged            |    13 |    69 |    94 |   239 |   305 ||   720
Block: Other             |       |       |    21 |   105 |    98 ||   224
       Reflection        |       |       |     1 |    14 |     4 ||    19
       Rpst.: Great sword |       |       |     4 |       |       ||     4

Table legend: (Time is in decaauts)
 A = Elapsed time spent in this place.
 B = Non-inter-level travel time spent in this place.
 C = Inter-level travel time spent in this place.
 D = Time resting spent in this place.
 E = Time spent auto-exploring this place.
 F = Levels seen in this place.
 G = Mean time per level.
                   A        B        C        D        E       F      G
               +--------+--------+--------+--------+--------+-----+--------+
         Total |  25873 |  25108 |    765 |   5329 |  15668 |  23 | 1124.9 |
       Dungeon |  14433 |  14135 |    298 |   2462 |   9355 |  13 | 1110.2 |
        Temple |    410 |    382 |     28 |    325 |     46 |   1 |  410.0 |
          Lair |   7043 |   6662 |    381 |    923 |   4739 |   6 | 1173.8 |
  Orcish Mines |   3480 |   3422 |     58 |   1328 |   1430 |   2 | 1740.0 |
       Volcano |    506 |    506 |      0 |    290 |     98 |   1 |  506.0 |
               +--------+--------+--------+--------+--------+-----+--------+

Top non-repeatable levels by time:
   Orc:2: 1975 daAuts
  Lair:3: 1971 daAuts
    D:11: 1781 daAuts
     D:5: 1762 daAuts
  Lair:4: 1696 daAuts
  Lair:5: 1581 daAuts
   Orc:1: 1504 daAuts
     D:6: 1461 daAuts
     D:9: 1455 daAuts
    D:10: 1234 daAuts
     D:1: 1133 daAuts
  Lair:1: 1128 daAuts
     D:4: 1061 daAuts
     D:3: 952 daAuts
     D:7: 949 daAuts
